 Dungeon Crawl Stone Soup version 0.31.0-9-g3a7656b989 (webtiles) character file.

Game seed: 11614608512229856840

45 qw the Shooter (level 3, -2/20 HPs)
             Began as a Deep Elf Hunter on Feb 2, 2024.
             Slain by Terence
             ... wielding a +1 falchion of flaming
              (7 damage)
             ... on level 2 of the Dungeon.
             The game lasted 00:00:03 (1201 turns).

qw the Shooter (Deep Elf Hunter)                    Turns: 1201, Time: 00:00:04

Health: -2/20      AC:  6    Str: 10    XL:     3   Next: 42%
Magic:  5/5        EV:  9    Int: 13    God:
Gold:   66         SH:  0    Dex: 18    Spells: 2/2 levels left

rFire   . . .        a - +0 shortbow
rCold   . . .        (shield currently unavailable)
rNeg    . . .        d - +0 scale mail
rPois   .            (no helmet)
rElec   .            (no cloak)
rCorr   .            (no gloves)
SInv    .            (no boots)
Will    .....        (no amulet)
Stlth   +            (no ring)
HPRegen 0.23/turn    (no ring)
MPRegen 0.09/turn

%: no passive effects
@: no status effects
A: no striking features
a: no special abilities


You were on level 2 of the Dungeon.
You visited 1 branch of the dungeon, and saw 2 of its levels.

You collected 66 gold pieces.


   Skills:
 - Level 1.5 Fighting
 + Level 7.0 Ranged Weapons
 - Level 2.4 Dodging
 - Level 1.2 Stealth


You had 2 spell levels left.
You didn't know any spells.
Your spell library was empty.

Inventory:

Hand Weapons
 a - a +0 shortbow (weapon)
Armour
 c - a +0 ring mail
 d - a +0 scale mail (worn)
Scrolls
 e - a scroll of amnesia {unknown}
Potions
 b - a potion of attraction {unknown}
 g - a potion of berserk rage {unknown}

Dungeon Overview and Level Annotations

Branches:
Dungeon (2/15)

Altars:

Annotations:
D:2 Terence


Message History

You see here a giant cockroach corpse.
Found 4 stones.
Found a book of the Senses.
You now have 66 gold pieces (gained 6).
A hobgoblin comes into view.
You shoot an arrow. The arrow barely misses the hobgoblin.
You shoot an arrow. The arrow hits the hobgoblin.
The hobgoblin is severely wounded.
You shoot an arrow. The arrow hits the hobgoblin!
You kill the hobgoblin!
Your Ranged Weapons skill increases to level 7!
A quokka comes into view.
You shoot an arrow. The arrow hits the quokka!
You kill the quokka!
Found 6 curare-tipped darts.
e - a scroll labelled FEARIG MIOREL Terence the Incautious comes into view.
He is wielding a +1 falchion of flaming and wearing a +1 scale mail of cold resistance.
Terence shouts!
You shoot an arrow.
The arrow hits Terence but does no damage.
You shoot an arrow. The arrow closely misses Terence.
Terence hits you with a +1 falchion of flaming.
Terence burns you.
You shoot an arrow. The arrow hits Terence.
Terence is lightly wounded.
Terence hits you with a +1 falchion of flaming.
Terence burns you. Terence closely misses you.
You shoot an arrow. The arrow hits Terence!
Terence is heavily wounded.
Terence closely misses you.
You shoot an arrow.
The arrow hits Terence but does no damage.
Terence is heavily wounded.
Terence hits you with a +1 falchion of flaming.
Terence burns you.
You shoot an arrow. The arrow hits Terence.
Terence is severely wounded.
Terence hits you with a +1 falchion of flaming!
You die...
Terence says, "Rest in peace."

#.......#######.:.#.#...###
#######.....##............#
#####.##.........##.#
#.##............# ###
#..........(....# #...
####........##..# #....
###...%........#
#..|..###.......#####...
#.....@@..##....## ..
......#####..#...#####..
..... #...#...%#.....# ....
#.....>.......## ...
###........##... .#
#.#.........>.
...............
................
....####..###...


You could see Terence.

Vanquished Creatures
  A dart slug (D:1)
  3 endoplasms (D:1)
  3 giant cockroaches (D:2)
  3 goblins (D:1)
  4 hobgoblins
  4 quokkas
  5 ball pythons
  A bat (D:1)
  5 frilled lizards
  7 kobolds (D:1)
  2 rats (D:1)
38 creatures vanquished.

Notes
Turn   | Place    | Note
-------+----------+-------------------------------------------
     0 | D:1      | qw the Deep Elf Hunter began the quest for the Orb.
     0 | D:1      | Reached XP level 1. HP: 12/12 MP: 3/3
     0 | D:1      | 0 ||| qw: Version: 0.3-a-155-g5e7d8dd
     0 | D:1      | 0 ||| qw: Game counter: 777
     0 | D:1      | 0 ||| qw: Melee chars always use a shield: true
     0 | D:1      | 0 ||| qw: God list: Okawaru
     0 | D:1      | 0 ||| qw: Allow faded altars: false
     0 | D:1      | 0 ||| qw: Do Orc after clearing Dungeon:15 true
     0 | D:1      | 0 ||| qw: Do second Lair branch before Depths: true
     0 | D:1      | 0 ||| qw: Lair rune preference: random
     0 | D:1      | 0 ||| qw: Goals: Normal
     0 | D:1      | 0 ||| PLANNING D:1-11
    90 | D:1      | Reached XP level 2. HP: 11/16 MP: 4/4
   137 | D:1      | Reached skill level 6 in Ranged Weapons
   638 | D:1      | Found a faded altar of an unknown god.
   653 | D:1      | Reached XP level 3. HP: 20/20 MP: 5/5
   851 | D:1      | 851 ||| UPGRADING to +0 scale mail.
   861 | D:1      | 861 ||| DROPPING +0 leather armour.
   862 | D:1      | 862 ||| READING scroll labelled EHUUXTITUNG.
   863 | D:1      | 863 ||| READING scroll labelled OXYUSH SAROMM.
   964 | D:1      | 964 ||| DROPPING scroll of butterflies.
  1160 | D:2      | Reached skill level 7 in Ranged Weapons
  1195 | D:2      | Noticed Terence
  1200 | D:2      | HP: 5/20 [Terence/+1 falchion of flaming (2)]
  1201 | D:2      | Slain by Terence

Levels and vault maps discovered:
D:1:      lemuel_arrival_room, layout_loops_cross, serial_aquarium,
          aquarium_bridge_square [aquarium_subvault_balcony,
          aquarium_subvault_balcony, aquarium_subvault_window,
          aquarium_subvault_bridge], aquarium_window_1, aquarium_window_fake,
          aquarium_view_2d, aquarium_pool_four,
          nicolae_ecumenical_snake_handling, chequers_arboretum
D:2:      layout_rooms, uniq_crazy_yiuf_cottage, uniq_terence

Skill      XL: |  1  2  3 |
---------------+----------+-----
Ranged Weapons | 6 7 |  7.0
Fighting       | |  1.5
Dodging        | |  2.4
Stealth        | |  1.2

Action                     || total
---------------------------++-------
   Fire: Shortbow          ||   108
    Use: Scroll            ||     2
 Armour: Leather armour    ||    10
         Scale mail        ||    22
  Dodge: Dodged            ||    14

Table legend:
 A = Non-vault XP
 B = Vault XP
 C = Vault XP percentage of total XP
 D = Non-vault monster count
 E = Vault monster count
 F = Vault count percentage of total count
                 A         B        C        D         E       F
            +---------+---------+-------+---------+---------+-------
      Total |      63 |       2 |   3.1 |      37 |       1 |   2.6
            +---------+---------+-------+---------+---------+-------
        D:1 |      45 |       2 |   4.3 |      27 |       1 |   3.6
        D:2 |      18 |       0 |   0.0 |      10 |       0 |   0.0
            +---------+---------+-------+---------+---------+-------
